 Dungeon Crawl Stone Soup version 0.30-a0-141-g30f27751c5 (webtiles) character file.

Game seed: 6057572317894132461

37 qw the Chopper (level 3, -3/23 HPs)
             Began as a Gargoyle Fighter on Sept 24, 2022.
             Killed from afar by Sigmund (6 damage)
             ... with a magic dart
             ... on level 2 of the Dungeon.
             The game lasted 00:00:21 (1058 turns).

qw the Chopper (Gargoyle Fighter)                   Turns: 1058, Time: 00:00:22

Health: -3/23      AC: 13    Str: 21    XL:     3   Next: 39%
Magic:  3/3        EV:  9    Int:  8    God:
Gold:   77         SH:  4    Dex:  9    Spells: 2/2 levels left

rFire   . . .      SeeInvis .    Y - +1 war axe
rCold   . . .      Faith    .    c - +0 buckler
rNeg    + . .      Spirit   .    b - +0 scale mail
rPois   inf        Reflect  .    (no helmet)
rElec   +          Harm     .    (no cloak)
rCorr   .          Rampage  .    e - +2 pair of gloves
Will    .....                    (no boots)
Stlth   ..........               (no amulet)
HPRegen 0.07/turn                (no ring)
MPRegen 0.08/turn                (no ring)

@: no status effects
A: sickness immunity, AC +3, negative energy resistance 1, electricity
resistance, torment resistance 1, petrification resistance
a: no special abilities


You were on level 2 of the Dungeon.
You visited 1 branch of the dungeon, and saw 2 of its levels.

You collected 77 gold pieces.


Innate Abilities, Weirdness & Mutations

You are immune to sickness and miasma.
Your stone body is resilient. (AC +3)
You are immune to poison.
You resist negative energy. (rN+)
You are resistant to electric shocks. (rElec)
You are resistant to unholy torment.
You are immune to petrification.


   Skills:
 - Level 3.2 Fighting
 + Level 3.3 Axes
 - Level 3.2 Armour
 - Level 3.2 Shields


You had 2 spell levels left.
You didn't know any spells.
Your spell library was empty.

Inventory:

Hand Weapons
 f - a +0 whip
 Y - a +1 war axe (weapon)
Armour
 b - a +0 scale mail (worn)
 c - a +0 buckler (worn)
 e - a +2 pair of gloves (worn)
Potions
 d - a potion of might
 i - a potion of degeneration {unknown}
 j - a potion of lignification {unknown}
 m - a potion of curing {unknown}

Dungeon Overview and Level Annotations

Branches:
Dungeon (2/15)

Altars:

Annotations:
D:2 Sigmund


Message History

The adder is heavily wounded.
You hit Sigmund. The adder barely misses you.
Sigmund giggles. "Time to reap what you sow."
Sigmund hits you with a +0 scythe! The adder bites you but does no damage.
You closely miss the adder.
The adder is heavily wounded.
You closely miss Sigmund. The adder closely misses you.
Sigmund hits you but does no damage. The adder bites you but does no damage.
You completely miss the adder.
The adder is heavily wounded.
You closely miss Sigmund. The adder barely misses you.
Sigmund barely misses you. The adder barely misses you.
You bump into the rock wall.
The adder bites you.
You miss the adder.
The adder is heavily wounded.
You miss Sigmund.
You feel less confused. You block the adder's attack.
Sigmund closely misses you. The adder barely misses you.
You miss the adder.
The adder is heavily wounded.
You hit Sigmund. You block Sigmund's attack. You block the adder's attack.
The adder bites you but does no damage.
You slash the adder!
You kill the adder!
You slash Sigmund! Sigmund hits you with a +0 scythe.
You barely miss Sigmund.
Sigmund is heavily wounded.
Sigmund hits you with a +0 scythe.
You closely miss Sigmund.
Sigmund is heavily wounded.
Sigmund points at you and mumbles some strange words.
The magic dart hits you.
You die...

#..... ......
######......
#...........
#......@....
#...........
#..<.....@..
####@###....
#....@# .
........%.......
#.....:...[.....
.....^..........
##..............
#.........).!..
#$.............
##.............


You could see Sigmund.

Vanquished Creatures
  An adder (D:2)
  4 endoplasms
  A giant cockroach (D:1)
  2 goblins (D:1)
  4 hobgoblins
  2 jackals (D:1)
  2 kobolds (D:1)
  2 quokkas (D:1)
  A ball python (D:1)
  A bat (D:1)
  4 frilled lizards (D:1)
  A rat (D:1)
25 creatures vanquished.

Notes
Turn   | Place    | Note
-------+----------+-------------------------------------------
     0 | D:1      | qw the Gargoyle Fighter began the quest for the Orb.
     0 | D:1      | Reached XP level 1. HP: 14/14 MP: 1/1
     0 | D:1      | 0 ||| qw: Version: 0.1.0-9-gbc19398
     0 | D:1      | 0 ||| qw: Game counter: 55
     0 | D:1      | 0 ||| qw: Always use a shield: true
     0 | D:1      | 0 ||| qw: God list: Okawaru
     0 | D:1      | 0 ||| qw: Allow faded altars: false
     0 | D:1      | 0 ||| qw: Do Orc after D:15 true
     0 | D:1      | 0 ||| qw: Do second Lair branch before Depths: true
     0 | D:1      | 0 ||| qw: Lair rune preference: random
     0 | D:1      | 0 ||| qw: Plans: Normal, Zot:1-4, God:TSO, Crypt, Tomb,
                  | Pan, Slime:5, Hells, Abyss, Orb
     0 | D:1      | 0 ||| PLANNING D:1-11
    13 | D:1      | 13 ||| Stepping ~*~*~tactically~*~*~ (stealth).
    16 | D:1      | 16 ||| Stepping ~*~*~tactically~*~*~ (stealth).
   291 | D:1      | Reached XP level 2. HP: 19/19 MP: 2/2
   606 | D:1      | Reached skill level 3 in Axes
   833 | D:1      | Reached XP level 3. HP: 23/23 MP: 3/3
   979 | D:1      | 979 ||| UPGRADING to +2 pair of gloves.
   984 | D:1      | 984 ||| READING scroll labelled LOACO IBAYNIOF LEA.
   985 | D:1      | 985 ||| READING 2 scrolls labelled WACWON OXTEUDGH.
   986 | D:1      | 986 ||| READING scroll labelled DEMUOK VESIE.
   987 | D:1      | 987 ||| READING scroll labelled RATSOU IMOTISK.
   988 | D:1      | 988 ||| DROPPING scroll of vulnerability.
  1014 | D:2      | 1014 ||| STAIRDANCE
  1038 | D:2      | Noticed Sigmund
  1039 | D:2      | 1039 ||| Stepping ~*~*~tactically~*~*~ (hiding).
  1040 | D:2      | 1040 ||| Stepping ~*~*~tactically~*~*~ (hiding).
  1042 | D:2      | 1042 ||| Stepping ~*~*~tactically~*~*~ (hiding).
  1057 | D:2      | HP: 3/23 [Sigmund/+0 scythe (6)]
  1058 | D:2      | Killed from afar by Sigmund

Levels and vault maps discovered:
D:1:      elethiomel_arrival_shortcut, layout_loops_ring
D:2:      layout_rooms, uniq_sigmund

Skill      XL: |  1  2 |
---------------+-------+-----
Axes           | 2 3 |  3.3
Fighting       | |  3.2
Armour         | |  3.2
Shields        | |  3.2

Action                   || total
-------------------------++-------
Melee: War axe           ||    62
  Use: Scroll            ||     4
Armor: Scale mail        ||    25
Dodge: Dodged            ||    36
Block: Buckler           ||    17

Table legend:
 A = Non-vault XP
 B = Vault XP
 C = Vault XP percentage of total XP
 D = Non-vault monster count
 E = Vault monster count
 F = Vault count percentage of total count
                 A         B        C        D         E       F
            +---------+---------+-------+---------+---------+-------
      Total |      53 |       0 |   0.0 |      25 |       0 |   0.0
            +---------+---------+-------+---------+---------+-------
        D:1 |      34 |       0 |   0.0 |      21 |       0 |   0.0
        D:2 |      19 |       0 |   0.0 |       4 |       0 |   0.0
            +---------+---------+-------+---------+---------+-------
